 Dungeon Crawl Stone Soup version 0.29-a0-393-g47a863cc1b (webtiles) character file.

Game seed: 13326707325282450455

378 jlumianski the Covered (level 6, -6/48 HPs)
             Began as a Demonspawn Fighter on May 10, 2022.
             Killed by nerve-wracking pain
             ... invoked by Grinder
              (8 damage)
             ... on level 3 of the Dungeon on May 11, 2022.
             The game lasted 00:11:41 (3451 turns).

jlumianski the Covered (Demonspawn Fighter)         Turns: 3451, Time: 00:11:42

Health: -6/48      AC: 10    Str: 16    XL:     6   Next: 45%
Magic:  6/6        EV: 24    Int:  9    God:
Gold:   49         SH:  9    Dex: 15    Spells: 3/5 levels left

rFire   . . .      SeeInvis .   h - +3 dagger (venom)
rCold   . . .      Faith    .   c - +0 buckler
rNeg    . . .      Spirit   .   b - +0 scale mail
rPois   .          Reflect  .   g - +0 helmet
rElec   .          Harm     .   (no cloak)
rCorr   +          Rampage  .   (no gloves)
Will    .....                   (no boots)
Stlth   ..........              e - amulet of the acrobat
HPRegen 0.16/turn               o - ring of resist corrosion
MPRegen 0.20/turn               (no ring)

@: silenced, acrobatic
A: icy blue scales 1, magic regeneration, condensation shield, weakness stinger
1
a: no special abilities


You were on level 3 of the Dungeon.
You visited 1 branch of the dungeon, and saw 4 of its levels.

You collected 124 gold pieces.
You spent 75 gold pieces at shops.

Inventory:

Hand Weapons
 a - a +0 war axe
 h - a +3 dagger of venom (weapon)
Missiles
 f - 22 stones (quivered)
Armour
 b - a +0 scale mail (worn)
 c - a +0 buckler (worn)
 g - a +0 helmet (worn)
 l - a +0 chain mail
Jewellery
 e - an amulet of the acrobat (around neck)
 m - an amulet of guardian spirit
 o - a ring of resist corrosion (left hand)
 r - a ring of magical power
Scrolls
 k - 4 scrolls of noise
 p - a scroll of teleportation
 q - a scroll of vulnerability
Potions
 d - 2 potions of might
 i - 2 potions of attraction
 n - a potion of degeneration


   Skills:
 + Level 3.8 Fighting
 * Level 2.0 Short Blades
 - Level 2.2 Axes
 + Level 3.9 Armour
 + Level 1.2 Dodging
 * Level 2.3 Stealth
 + Level 3.5 Shields
 * Level 1.2 Fire Magic


You had 3 spell levels left.
You knew the following spells:

 Your Spells              Type           Power      Damage    Failure   Level
a - Scorch                Fire           4%         2d5       86%         2

Your spell library contained the following spells:

 Spells                   Type           Power      Damage    Failure   Level
 Beastly Appendage        Tmut           0%         N/A       88%         1
 Wereblood                Tmut           0%         N/A       95%         2
 Spider Form              Tmut/Pois      0%         N/A       99%         3
 Flame Wave               Conj/Fire      1%         2d4       100%        4
 Summon Cactus Giant      Summ           0%         N/A       100%        6


Dungeon Overview and Level Annotations

Branches:
Dungeon (4/15)
 Temple: D:4-7

Altars:
Ashenzari
Hepliaklqana
Okawaru
Trog
Vehumet
Yredelemnul
Zin
The Shining One

Shops:
D:2 ==?

Annotations:
D:3 Grinder


Innate Abilities, Weirdness & Mutations

You are partially covered in icy blue scales. (AC +2)
You regenerate magic rapidly.
A meltable shield of frost defends you. (SH +4)
You have a small tail.


Message History

Grinder gestures at you. You resist with significant effort.
You hit Grinder.
Grinder is heavily wounded.
Grinder hits you.
You writhe in agony.
You closely miss Grinder.
Grinder is heavily wounded.
Grinder gestures at you. Pain shoots through your body!
* * * LOW HITPOINT WARNING * * *
You hit Grinder.
Grinder is heavily wounded.
Grinder hits you!
* * * LOW HITPOINT WARNING * * *
You writhe in agony.
* * * LOW HITPOINT WARNING * * *
Okay, then.
As you read the scroll of silence, it crumbles to dust.
A profound silence engulfs you. Grinder barely misses you.
You hit Grinder. You tail-slap Grinder.
Grinder is severely wounded.
Grinder gestures at you.
You barely resist. You hit Grinder but do no damage.
Your tail-slap misses Grinder.
Grinder is severely wounded.
You block Grinder's attack.
You closely miss Grinder.
Your tail-slap misses Grinder.
Grinder is severely wounded.
Grinder hits you but does no damage.
You hit Grinder but do no damage.
Grinder is severely wounded.
Grinder gestures at you.
You suddenly lose the ability to move!
Grinder gestures at you.
You shrug off the repeated paralysis!
Grinder blinks!
You can move again.
Grinder gestures at you. Pain shoots through your body!
You die...

#.##...........### #.###
#.#### ##.#....# #...###
#....# #.##.#.#####.#...##
####.# #.##.#...)..##8..8##
#.# #.##.########.....⌠#####
#># #.##.#......###..###....
#.# #.##.#......##....##....
#.# #.##.#......###..###...#
#.####......@5?..#_...._###.#
#................###..### #.#
##########.......#....._# #<.
##......###..### ###
#......#_...._#####
#......##⌠___##....
#.################# #.# #.#
## #.# #.# #.


You could see Grinder (unsilenced).

Vanquished Creatures
  Sigmund (D:3)
  A black bear (D:2)
  An orc priest (D:3)
  4 adders
  A worm (D:3)
  2 dart slugs
  3 orcs (D:3)
  4 bats
  6 endoplasms
  4 giant cockroaches
  6 hobgoblins
  4 jackals
  3 kobolds
  3 quokkas (D:1)
  7 ball pythons
  A frilled lizard (D:1)
  5 goblins
  3 rats
59 creatures vanquished.

Notes
Turn   | Place    | Note
-------+----------+-------------------------------------------
     0 | D:1      | jlumianski the Demonspawn Fighter began the quest for the
                  | Orb.
     0 | D:1      | Reached XP level 1. HP: 18/18 MP: 1/1
   189 | D:1      | Gained mutation: You regenerate magic rapidly. [demonic
                  | ancestry]
   189 | D:1      | Reached XP level 2. HP: 16/24 MP: 2/2
  1387 | D:2      | Found Holi's Jewellery Shop.
  1403 | D:2      | Gained mutation: A meltable shield of frost defends you.
                  | (SH +4) [demonic ancestry]
  1403 | D:2      | Reached XP level 3. HP: 29/29 MP: 3/3
  1658 | D:2      | Found Xenobruxt's Jewellery Boutique.
  1667 | D:3      | Noticed Sigmund
  2014 | D:2      | Found Aqama's Magic Scroll Boutique.
  2022 | D:2      | Bought a scroll of blinking for 75 gold pieces
  2026 | D:2      | Noticed a black bear
  2039 | D:2      | Killed a black bear
  2040 | D:2      | Reached skill level 1 in Short Blades
  2040 | D:2      | Reached skill level 1 in Stealth
  2040 | D:2      | Gained mutation: You have a small tail. [demonic ancestry]
  2040 | D:2      | Reached XP level 4. HP: 26/36 MP: 4/4
  2040 | D:2      | Reached XP level 5. HP: 29/41 MP: 5/5
  2618 | D:3      | Found an iron altar of Okawaru.
  2618 | D:3      | Found a radiant altar of Vehumet.
  2618 | D:3      | Found a bloodstained altar of Trog.
  2618 | D:3      | Found a broken altar of Ashenzari.
  2622 | D:3      | Found a basalt altar of Yredelemnul.
  2625 | D:3      | Found a hazy altar of Hepliaklqana.
  2638 | D:3      | Learned a level 2 spell: Scorch
  2657 | D:3      | Killed Sigmund
  2658 | D:3      | Reached skill level 1 in Dodging
  2658 | D:3      | Reached skill level 1 in Fire Magic
  2658 | D:3      | Gained mutation: You are partially covered in icy blue
                  | scales. (AC +2) [demonic ancestry]
  2658 | D:3      | Reached XP level 6. HP: 7/48 MP: 6/6
  2662 | D:3      | HP: 2/48 [poisoned by Sigmund]
  3419 | D:3      | Noticed Grinder
  3427 | D:3      | Paralysed by Grinder for 3 turns
  3440 | D:3      | HP: 1/48 [Grinder (3)]
  3445 | D:3      | Paralysed by Grinder for 5 turns
  3451 | D:3      | Killed from afar by Grinder

Illustrated notes

Levels and vault maps discovered:
D:1:      psy_arrival_radial01, layout_basic, minmay_pentomino_s4
D:2:      layout_basic, serial_shops, shop_statue, shop, shop_statue,
          minmay_crystal_water, kennysheep_generic_room_7
D:3:      layout_loops_ring, minitemple, uniq_sigmund, uniq_grinder
D:4:      layout_loops_corners, minmay_misc_feat_tiny, uniq_natasha

Skill      XL: |  1  2  3  4  5  6 |
---------------+-------------------+-----
Axes           | 2 |  2.2
Shields        | 3 |  3.5
Armour         | 3 |  3.9
Short Blades   | 1 2 |  2.0
Stealth        | 1 2 |  2.3
Dodging        | 1 |  1.2
Fire Magic     | 1 |  1.2
Fighting       | |  3.8

Action                   |  1- 3 |  4- 6 || total
-------------------------+-------+-------++-------
Melee: War axe           |    86 |       ||    86
       Dagger            |    17 |    73 ||    90
       Tailslap          |       |    12 ||    12
Throw: Stone             |     2 |       ||     2
  Use: Scroll            |     5 |     6 ||    11
       Potion            |     1 |       ||     1
Armor: Scale mail        |    60 |    11 ||    71
Dodge: Dodged            |    72 |    18 ||    90
Block: Buckler           |    44 |    19 ||    63

Table legend: (Time is in decaauts)
 A = Elapsed time spent in this place.
 B = Non-inter-level travel time spent in this place.
 C = Inter-level travel time spent in this place.
 D = Time resting spent in this place.
 E = Time spent auto-exploring this place.
 F = Levels seen in this place.
 G = Mean time per level.
                   A        B        C        D        E       F      G
               +--------+--------+--------+--------+--------+-----+--------+
         Total |   3490 |   3431 |     59 |    385 |   2192 |   4 |  872.5 |
       Dungeon |   3490 |   3431 |     59 |    385 |   2192 |   4 |  872.5 |
               +--------+--------+--------+--------+--------+-----+--------+

Top non-repeatable levels by time:
     D:1: 1382 daAuts
     D:2: 1081 daAuts
     D:3: 1008 daAuts
     D:4: 17 daAuts
